 Dungeon Crawl Stone Soup version 0.30.0-29-ga12c61a403 (webtiles) character file.

Game seed: 9580317108554753618

3697 monsoonserge the Basher (level 10, -3/86 HPs)
             Began as a Meteoran Monk on June 12, 2023.
             Was a Priest of Nemelex Xobeh.
             Killed from afar by an electric eel (14 damage)
             ... with a bolt of electricity
             ... on level 7 of the Dungeon.
             The game lasted 00:31:21 (3795 turns).

monsoonserge the Basher (Meteoran Monk)             Turns: 3795, Time: 00:31:21

Health: -3/86      AC: 11    Str: 21    XL:     10   Next: 61%
Magic:  14/14      EV: 17    Int: 11    God:    Nemelex Xobeh [***...]
Gold:   181        SH:  7    Dex: 26    Spells: 9/9 levels left

rFire   . . .        E - +10 mace of Ru's Delight {flame, Str+6}
rCold   . . .        p - +0 buckler
rNeg    . . .        a - +3 ring mail
rPois   +            (no helmet)
rElec   .            o - +0 cloak
rCorr   .            F - +0 pair of gloves
SInv    .            (no boots)
Will    +....        (no amulet)
Stlth   +            n - ring of poison resistance
HPRegen 0.34/turn    s - +6 ring of dexterity
MPRegen 0.14/turn

%: no passive effects
@: glowing, very slow
A: sense surroundings 2, otherworldly, glowing, explore regen
a: Renounce Religion, Draw Escape, Draw Destruction, Draw Summoning, Triple Draw


You were on level 7 of the Dungeon.
You worshipped Nemelex Xobeh.
Nemelex Xobeh was most pleased with you.
You visited 2 branches of the dungeon, and saw 9 of its levels.
You also visited: Sewer.

You collected 325 gold pieces.
You spent 144 gold pieces at shops.

Inventory:

Hand Weapons
 b - a +0 shortbow
 E - the +10 mace of Ru's Delight (weapon) {flame, Str+6}
   (You bought it in a shop on level 5 of the Dungeon)

   Str:       It affects your strength (+6).
Missiles
 e - 3 datura-tipped darts
 y - 16 poisoned darts (quivered)
Armour
 a - a +3 ring mail (worn)
 o - a +0 cloak (worn)
 p - a +0 buckler (worn)
 x - a +0 troll leather armour {Pargi}
 F - a +0 pair of gloves (worn)
 G - a +2 robe of cold resistance
Jewellery
 i - a ring of willpower
 n - a ring of poison resistance (left hand)
 s - a +6 ring of dexterity (right hand)
Wands
 D - a wand of roots (10)
 H - a wand of flame (14)
 I - a wand of charming (8)
Scrolls
 h - a scroll of blinking {unknown}
 j - a scroll of noise {unknown}
 k - a scroll of magic mapping {unknown}
 l - 4 scrolls of teleportation {unknown}
 w - a scroll of enchant armour {unknown}
 A - a scroll of fear {unknown}
 B - 2 scrolls of fog
 C - a scroll of enchant weapon
 J - 2 scrolls of identify
 K - a scroll of acquirement {unknown}
Potions
 c - 2 potions of ambrosia
 d - a potion of heal wounds {unknown}
 f - 3 potions of curing {unknown}
 g - 4 potions of flight
 m - 2 potions of lignification {unknown}
 q - 3 potions of attraction
 r - a potion of magic {unknown}
 t - 2 potions of might {unknown}
 u - a potion of haste {unknown}
 v - 4 potions of mutation {unknown}
 z - a potion of resistance {unknown}


   Skills:
 + Level 7.4 Fighting
 - Level 7.5 Long Blades
 * Level 9.4 Maces & Flails
 + Level 0.2 Throwing
 - Level 4.0 Armour
 + Level 7.5 Dodging
 + Level 6.1 Shields
 * Level 4.0 Invocations
 + Level 0.2 Evocations


You had 9 spell levels left.
You didn't know any spells.
Your spell library contained the following spells:

 Spells                   Type           Power      Damage    Failure   Level
 Iskenderun's Battlesphe  Conj           0%         2d6       100%        5
 Iron Shot                Conj/Erth      0%         9d1       100%        6
 Spellforged Servitor     Conj/Summ      0%         N/A       100%        7


Dungeon Overview and Level Annotations

Branches:
Dungeon (8/15) Zot: 1273   Temple (1/1) D:5 Zot: 476   Sewer (visited)
   Lair: D:8-11

Altars:
Ashenzari
Cheibriados
Dithmenos
Elyvilon
Fedhas
Gozag
Hepliaklqana
Kikubaaqudgha
Makhleb
Nemelex Xobeh
Qazlal
Ru
Sif Muna
Trog
Uskayaw
Vehumet
Wu Jian
Xom
Yredelemnul
Zin
The Shining One

Shops:
D:5 ===(


Innate Abilities, Weirdness & Mutations

You passively map the area around you.
You are easily found by Zot.
You glow in the dark.
You regain HP and MP as you explore.


Message History

The plant is lightly damaged.
A bullfrog comes into view.
The bullfrog croaks.
A nearby plant withers and dies.
The bullfrog misses you. The bullfrog closely misses you.
You closely miss the bullfrog. The bullfrog hits you.
You block the bullfrog's attack.
You sock the bullfrog! You burn the bullfrog!
The bullfrog is almost dead.
The bullfrog misses you.
The electric eel shoots out a bolt of lightning at you!
The bolt of electricity hits you!
You sock the bullfrog! You burn the bullfrog.
You kill the bullfrog!
The electric eel shoots out a bolt of lightning at you!
The bolt of electricity hits you!
The electric eel shoots out a bolt of lightning at you!
The bolt of electricity hits you!
The electric eel shoots out a bolt of lightning at you!
The bolt of electricity hits the plant!
The plant begins to die.
The bolt of electricity hits you.
The electric eel shoots out a bolt of lightning at you!
The bolt of electricity hits you.
The electric eel shoots out a bolt of lightning at you!
The bolt of electricity hits the plant!
The bolt of electricity hits you!
The electric eel shoots out a bolt of lightning at you!
The bolt of electricity hits the plant!
The bolt of electricity misses you.
The electric eel shoots out a bolt of lightning at you!
The bolt of electricity hits you!
* * * LOW HITPOINT WARNING * * *
A nearby plant withers and dies.
The electric eel shoots out a bolt of lightning at you!
The bolt of electricity hits you.
* * * LOW HITPOINT WARNING * * *
The electric eel shoots out a bolt of lightning at you!
The bolt of electricity misses you.
The electric eel shoots out a bolt of lightning at you!
The bolt of electricity hits you!
You die...
Your body disappears without additional glow.

###### ##♣♣~...#
#####~~♣♣♣#.########
#...♣♣~~~♣~.....().. *
#@♣~~~~~~.########
#♣~~~~~~~♣# ###
♣♣~♣~~♣~~~♣ #..
~♣P~~~†P~~♣P#####..
♣PP♣~~~~~~~♣♣...... * ,
* #~♣~~~S≈≈♣~♣♣~####..
, ..~♣~~~≈≈S≈P~~~......
*
,##~*~~≈≈≈≈≈≈≈~~~######
**, #
♣~~≈≈≈≈≈≈≈~P♣♣#####


You could see 2 electric eels.

Vanquished Creatures
  Pikel (D:5)
  Grum (D:7)
  A steam dragon (D:7)
  Menkaure (D:5)
  3 sky beasts
  A swamp drake (D:7)
  Pargi (Sewer)
  2 orc warriors (D:7)
  2 black bears
  An ogre (D:6)
  3 wolves
  A centaur (D:5)
  2 kobold brigands (D:7)
  Blork the orc (D:5)
  6 bullfrogs
  6 scorpions
  4 electric eels (D:7)
  A howler monkey (D:6)
  3 hounds
  A jelly (D:4)
  An iguana (D:7)
  A sleepcap (D:6)
  5 orc wizards
  7 adders
  A shadow imp (D:6)
  2 white imps
  2 ufetubi
  2 adder zombies (D:2)
  5 worms
  3 dart slugs
  17 orcs
  7 ball pythons
  2 endoplasms (D:3)
  2 giant cockroaches
  2 goblins
  4 hobgoblins
  13 jackals
  4 quokkas
  A ball python skeleton (D:2)
  A ball python zombie (D:2)
  3 bats
  4 frilled lizards
  14 kobolds
  A quokka skeleton (D:2)
  4 rats
150 creatures vanquished.

Notes
Turn   | Place    | Note
-------+----------+-------------------------------------------
     0 | D:1      | monsoonserge the Meteoran Monk began the quest for the Orb.
     0 | D:1      | Reached XP level 1. HP: 19/19 MP: 2/2
   141 | D:1      | Reached XP level 2. HP: 25/26 MP: 3/3
   364 | D:1      | Reached XP level 3. HP: 14/31 MP: 4/4
   568 | D:2      | Reached XP level 4. HP: 40/40 MP: 5/5
   938 | D:2      | Reached skill level 1 in Shields
   957 | D:2      | Reached skill level 1 in Armour
   957 | D:2      | Reached XP level 5. HP: 29/46 MP: 6/6
  1125 | D:3      | You fall into a shaft and drop 3 floors!
  1125 | D:6      | Found a glowing drain.
  1135 | Sewer    | Entered a sewer
  1203 | Sewer    | Noticed Pargi
  1231 | Sewer    | Killed Pargi
  1232 | Sewer    | Reached skill level 5 in Long Blades
  1232 | Sewer    | Reached XP level 6. HP: 15/52 MP: 7/7
  1448 | D:6      | Noticed a black bear
  1456 | D:6      | Killed a black bear
  1500 | D:6      | Reached XP level 7. HP: 52/60 MP: 8/8
  1602 | D:5      | Entered Level 5 of the Dungeon
  1604 | D:5      | Found Cappo's Jewellery Shoppe.
  1682 | D:5      | Found Fucucimo's Jewellery Shoppe.
  1741 | D:4      | Reached skill level 5 in Dodging
  1972 | D:4      | Reached XP level 8. HP: 41/67 MP: 9/9
  2366 | D:5      | Reached skill level 5 in Fighting
  2374 | D:5      | Found Busol's Jewellery Boutique.
  2416 | D:5      | Found Rezxudgh's Antique Weapon Shop.
  2433 | D:5      | Bought a translucent mace for 144 gold pieces
  2433 | D:5      | Identified the +10 mace of Ru's Delight {flame, Str+6} (You
                  | bought it in a shop on level 5 of the Dungeon)
  2493 | D:5      | Noticed Blork the orc
  2502 | D:5      | Killed Blork the orc
  2511 | D:5      | Found a staircase to the Ecumenical Temple.
  2527 | D:5      | Noticed Pikel
  2536 | D:5      | Killed Pikel
  2537 | D:5      | Reached skill level 2 in Maces & Flails
  2537 | D:5      | Gained mutation: You passively map the area around you.
                  | [Meteoran growth]
  2537 | D:5      | Reached XP level 9. HP: 57/77 MP: 10/10
  2552 | Temple   | Entered the Ecumenical Temple
  2640 | Temple   | Became a worshipper of Nemelex Xobeh the Trickster
  2640 | Temple   | Reached * piety under Nemelex Xobeh
  2640 | Temple   | Received a gift from Nemelex Xobeh
  2640 | Temple   | Reached ** piety under Nemelex Xobeh
  2640 | Temple   | Received a gift from Nemelex Xobeh
  2891 | D:5      | Noticed Menkaure
  2899 | D:5      | Killed Menkaure
  2900 | D:5      | Reached skill level 3 in Maces & Flails
  2900 | D:5      | Reached skill level 5 in Shields
  2946 | D:6      | Reached skill level 4 in Maces & Flails
  3001 | D:6      | Found a bloodstained altar of Trog.
  3002 | D:6      | Found a snail-covered altar of Cheibriados.
  3053 | D:6      | Reached skill level 5 in Maces & Flails
  3072 | D:6      | Received a gift from Nemelex Xobeh
  3341 | D:7      | Reached skill level 1 in Invocations
  3423 | D:7      | Reached skill level 6 in Maces & Flails
  3441 | D:7      | Reached XP level 10. HP: 79/86 MP: 12/12
  3496 | D:7      | Reached skill level 7 in Maces & Flails
  3569 | D:7      | Reached skill level 8 in Maces & Flails
  3675 | D:8      | Noticed Grum
  3701 | D:7      | Reached skill level 9 in Maces & Flails
  3705 | D:7      | Killed Grum
  3783 | D:7      | Reached *** piety under Nemelex Xobeh
  3795 | D:7      | Killed from afar by an electric eel

Illustrated notes

Levels and vault maps discovered:
D:1:      dpeg_arrival_boxorama, layout_loops_ring
D:2:      layout_rooms, serial_undead, serial_undead_e, serial_undead_f,
          serial_undead_e, serial_undead_f, hangedman_glass_teeth
D:3:      layout_basic
D:4:      layout_layer_cave, minmay_crystal_water, dreamdust_wishing_well
D:5:      layout_basic, minmay_temple_entry_nine_rooms, serial_shops,
          nicolae_shop_behind_doors, shop, nicolae_shop_gaudy_bauble,
          nicolae_shop_back_alley_shop, uniq_pikel, uniq_blork_the_orc,
          uniq_menkaure
D:6:      black_bear_nest_2, layout_basic, gammafunk_temple_overflow_pools,
          cheibrodos_sewer_entry_bend, nicolae_benzene_ring
D:7:      layout_loops_ring, serial_bayou, serial_bayou_pond_e,
          serial_bayou_lake_a, serial_bayou_ford_a, serial_bayou_lagoon_b,
          grunt_ministairs_2
D:8:      layout_loops_ring, okawaru_gym_becter, uniq_maurice, uniq_grum
Temple:   nicolae_temple_bog_church

Skill      XL: |  1  2  3  4  5  6  7  8  9 10 |
---------------+-------------------------------+-----
Dodging        | 4 5 6 7 |  7.5
Long Blades    | 4 5 6 7 |  7.5
Shields        | 1 2 3 4 5 6 |  6.1
Armour         | 1 2 3 4 |  4.0
Fighting       | 4 6 7 |  7.4
Maces & Flails | 2 6 9 |  9.4
Invocations    | 1 4 |  4.0
Throwing       | |  0.2
Evocations     | |  0.2

Action                     |  1- 3 |  4- 6 |  7- 9 | 10-12 || total
---------------------------+-------+-------+-------+-------++-------
  Melee: Falchion          |    71 |   138 |   130 |       ||   339
         Mace              |       |       |    90 |    84 ||   174
  Throw: Dart              |       |       |       |     5 ||     5
 Invoke: Draw Destruction  |       |       |       |     3 ||     3
  Evoke: Wand              |       |       |       |     3 ||     3
    Use: Scroll            |       |       |     5 |       ||     5
 Armour: Robe              |     8 |       |       |       ||     8
         Scale mail        |    10 |    82 |       |       ||    92
         Troll leather arm |       |    14 |    32 |       ||    46
         Ring mail         |       |       |    24 |    35 ||    59
  Dodge: Dodged            |    44 |    81 |   148 |    41 ||   314
  Block: Buckler           |       |    29 |    85 |    24 ||   138
